 Dungeon Crawl Stone Soup version 0.22-a0-603-gfc1114d (console) character file.

23 Goblin1989 the Ducker (level 2, 0/14 HPs)
             Began as a Felid Chaos Knight on July 7, 2018.
             Slain by a gnoll
             ... wielding a +0 whip
              (11 damage)
             ... on level 2 of the Dungeon.
             The game lasted 00:02:33 (1226 turns).

Goblin1989 the Ducker (Felid Chaos Knight)          Turns: 1226, Time: 00:02:35

Health: 0/14       AC:  1    Str:  8    XL:     2   Next: 72%
Magic:  3/3        EV: 18    Int: 13    God:    Xom [.*....]
Gold:   34         SH:  0    Dex: 15    Spells: 1/1 levels left
                                        Lives:  0   Deaths: 0

rFire    . . .     SeeInvis +     - Unarmed
rCold    . . .     Gourm    .   (shield unavailable)
rNeg     . . .     Faith    .   (armour unavailable)
rPois    .         Spirit   .   (helmet unavailable)
rElec    .         Reflect  .   (cloak unavailable)
rCorr    .         Harm     .   (gloves unavailable)
MR       .....                  (boots unavailable)
Stlth    ++........             (no amulet)
HPRegen  0.04/turn              (no ring)
MPRegen  0.08/turn              (no ring)

@: quick
A: very small, no armour, no weapons or thrown items, stealth, claws 1, fangs 3,
see invisible, carnivore, speed 1, shaggy fur 1, slow metabolism 1, sharp paws
a: Renounce Religion


You were on level 2 of the Dungeon.
You worshipped Xom.
You were a plaything of Xom.
You were completely stuffed.

You visited 1 branch of the dungeon, and saw 2 of its levels.

You collected 34 gold pieces.

Inventory:

Scrolls
 h - a scroll of blinking {unknown}
 i - a scroll of remove curse {unknown}
 l - a scroll of enchant weapon {unknown}
Potions
 f - a potion of mutation {unknown}
 j - a potion of lignification {unknown}
 m - a potion of berserk rage {unknown}
 n - a potion of curing {unknown}
 p - a potion of brilliance {unknown}
Comestibles
 e - 2 rations
 o - 2 chunks of flesh


   Skills:
 + Level 3.2 Fighting
 + Level 3.5 Dodging
 + Level 1.3 Stealth
 * Level 3.4 Unarmed Combat


You had one spell level left.
You didn't know any spells.
Your spell library was empty.

Dungeon Overview and Level Annotations

Branches:
Dungeon (2/15)

Altars:


Innate Abilities, Weirdness & Mutations

You cannot wear armour.
You are incapable of wielding weapons or throwing items.
Your paws allow you to move quietly. (Stealth)
You have sharp claws.
You have razor-sharp teeth.
You have supernaturally acute eyesight. (SInv)
You are carnivorous and can eat meat at any time.
You cover ground quickly.
You are covered in fur. (AC +1)
You have a slow metabolism.
Your sharp claws are effective at attacking unaware monsters.


Message History

n - a chunk of flesh
Things that are here:
a club; a goblin skeleton
Things that are here:
a club; a goblin skeleton; Health restored: 14 Eating a chunk of flesh.
You eat the chunk of flesh.
This raw flesh tastes great.
You see here 2 stones {@Q3}.
You now have 20 gold pieces (gained 13).
You see here 14 poisoned needles.
n - a bubbling brown potion A frilled lizard and a goblin come into view.
The goblin shouts!
Unknown command.
Unknown command.
You barely miss the goblin. The goblin hits you with a club.
The frilled lizard barely misses you.
You take 2 damage, and have 12/14 hp.
You claw the goblin!
You kill the goblin!
The frilled lizard completely misses you.
You scratch the frilled lizard.
You kill the frilled lizard!
No target in view!
No target in view!
You butcher the goblin corpse.
o - a chunk of flesh You see here a club. x2
Health restored: 14 Key pressed, stopping explore.
You see here a robe.
Key pressed, stopping explore.
p - a smoky golden potion Done exploring.
(D) Dungeon
Where to? (? - help)
You see here a robe.
There is a stone staircase leading down here.
You climb downwards.
There is a stone staircase leading up here.
A giant cockroach comes into view.
You see here 6 gold pieces.
A giant cockroach is nearby!
You pounce on the unaware helpless giant cockroach!
You claw the giant cockroach!
You kill the giant cockroach!
No target in view!
No target in view!
You butcher the giant cockroach corpse.
o - 2 chunks of flesh (gained 1)
You now have 26 gold pieces (gained 6).
You now have 34 gold pieces (gained 8).
There is a stone staircase leading up here.
Key pressed, stopping explore.
A gnoll comes into view.
Found a stone staircase leading down.
Unknown command.
A worm comes into view.
The gnoll shouts!
A bat comes into view.
The worm moves out of view.
A gnoll comes into view. It is wielding a whip.
An adder comes into view.
Unknown command.
The gnoll shouts!
The bat barely misses you. The bat closely misses you.
The bat closely misses you. The bat misses you. The bat closely misses you.
The bat hits you.
You take 1 damage, and have 13/14 hp.
The bat closely misses you. x2
The bat hits you but does no damage.
You closely miss the bat. The bat completely misses you.
The bat closely misses you. The bat completely misses you.
You closely miss the bat. The bat misses you. The bat misses you.
The bat completely misses you. The gnoll closely misses you.
You closely miss the gnoll. The bat completely misses you.
You scratch the gnoll but do no damage. The bat misses you.
The bat completely misses you.
You scratch the gnoll.
The gnoll is heavily wounded.
The bat barely misses you. The gnoll misses you. The bat hits you.
You take 1 damage, and have 12/14 hp.
You barely miss the gnoll.
The gnoll is heavily wounded.
The bat misses you. The gnoll barely misses you.
A gnoll comes into view. It is wielding a spear.
Unknown command.
Unknown command.
The gnoll shouts!
You scratch the gnoll. You bite the gnoll.
The gnoll is almost dead.
The bat completely misses you. The bat hits you.
The gnoll hits you with a whip!
Ouch! That really hurt!
You die...
Xom is highly amused! █████ █...█ █...█ ████..██ ██)....█ █.<██..█ █.███.██ ██ █.█ █.█ . ██@█ █.█ █. █bg█

█.█
█.█████g██
█.█
█.......█
█.█
███...███
███
██.█g..█
██..███.█
█..██ .█
......S.██
.


You could see 3 gnolls and a bat.

Vanquished Creatures
  A dart slug (D:1)
  A giant cockroach (D:2)
  5 goblins (D:1)
  A hobgoblin (D:1)
  4 jackals (D:1)
  A ball python (D:1)
  2 bats (D:1)
  2 frilled lizards (D:1)
  2 kobolds (D:1)
19 creatures vanquished.

Notes
Turn   | Place    | Note
-------+----------+-------------------------------------------
     0 | D:1      | Goblin1989 the Felid Chaos Knight began the quest for the Orb.
     0 | D:1      | Reached XP level 1. HP: 10/10 MP: 2/2
    23 | D:1      | XOM: silly message
    83 | D:1      | XOM: butterfly on damage
   178 | D:1      | XOM: divination: detect items
   223 | D:1      | XOM: mild Chrm miscast
   303 | D:1      | XOM: butterfly on damage
   309 | D:1      | XOM: fake destruction
   313 | D:1      | Reached XP level 2. HP: 7/14 MP: 3/3
   314 | D:1      | Reached skill level 1 in Stealth
   317 | D:1      | XOM: 3-stop teleportation journey
   361 | D:1      | XOM: god gift: shortbow {god gift}
   547 | D:1      | XOM: medium Pois miscast
   571 | D:1      | XOM: mild Fire miscast
   809 | D:1      | XOM: medium Erth miscast
  1226 | D:2      | Slain by a gnoll

Vault maps used:
D:1:      nicolae_arrival_washed_ashore

Skill      XL: |  1  2 |
---------------+-------+-----
Stealth        | 1 |  1.3
Fighting       | |  3.2
Dodging        | |  3.5
Unarmed Combat | |  3.4

Action                   || total
-------------------------++-------
Melee: Unarmed           ||    54
       Bite              ||     6
 Stab: Sleeping          ||     1
  Eat: Chunk             ||     8
Armor: Skin              ||     5
Dodge: Dodged            ||    70

Table legend:
 A = Spawn XP
 B = Non-spawn XP
 C = Spawn XP percentage of total XP
 D = Spawn monster count
 E = Non-spawn monster count
 F = Spawn count percentage of total count
 G = Total turns spent on level
                    A         B        C        D         E        F      G
               +---------+---------+-------+---------+---------+-------+---------
         Total |       0 |      33 |   0.0 |       0 |      19 |   0.0 |  1226
               +---------+---------+-------+---------+---------+-------+---------
           D:1 |       0 |      31 |   0.0 |       0 |      18 |   0.0 |  1174
           D:2 |       0 |       2 |   0.0 |       0 |       1 |   0.0 |    52
               +---------+---------+-------+---------+---------+-------+---------

Vault maps used:
D:1:      nicolae_arrival_washed_ashore
